 Dungeon Crawl Stone Soup version 0.31.0-7-gf635a9b802 (webtiles) character file.

Game seed: 3702703487102600362

6069 olmar the Geomancer (level 10, -7/103 HPs)
             Began as a Demigod Earth Elementalist on Jan 24, 2024.
             Mangled by Amaemon
             ... wielding a +1 demon whip of venom
              (9 damage)
             ... on level 8 of the Dungeon.
             The game lasted 00:10:11 (9489 turns).

olmar the Geomancer (Demigod Earth Elementalist)    Turns: 9489, Time: 00:10:12

Health: -7/103     AC: 29    Str:  9    XL:     10   Next: 32%
Magic:  9/27       EV:  2    Int: 29    God:
Gold:   379        SH:  0    Dex: 14    Spells: 12/27 levels left

rFire   . . .        w - staff of cold
rCold   + . .        (no shield)
rNeg    . . .        x - melded +2 robe {rF+}
rPois   +            (helmet currently unavailable)
rElec   .            r - melded +2 cloak {rPois}
rCorr   .            (gloves currently unavailable)
SInv    .            (boots currently unavailable)
Will    ++...        (no amulet)
Stlth   ++           q - ring of willpower
HPRegen 0.37/turn    z - +4 ring of protection
MPRegen 0.20/turn

%: no passive effects
@: tree-form, slowed, studying Long Blades, invisible, very slow
A: stationary, stasis, torment immunity, boosted hp, high MP 1, forlorn, divine
attributes
a: no special abilities


You were on level 8 of the Dungeon.
You were a tree.
You visited 1 branch of the dungeon, and saw 8 of its levels.

You collected 379 gold pieces.

Inventory:

Hand Weapons
 f - a +2 dagger of electrocution
Missiles
 j - 13 poisoned darts
 s - 8 javelins
Armour
 r - a +2 cloak of poison resistance (melded)
 x - a +2 robe of fire resistance (melded)
 C - a +1 leather armour of willpower
 K - a scarf of harm
 M - +0 steam dragon scales
Magical Staves
 w - a staff of cold (weapon)
Jewellery
 q - a ring of willpower (left branch)
 z - a +4 ring of protection (right branch)
 E - a +6 ring of dexterity
 G - a ring of positive energy
Wands
 h - a wand of paralysis (12)
 I - a wand of mindburst (6)
Scrolls
 a - a scroll of teleportation
 d - 2 scrolls of blinking
 e - 2 scrolls of noise
 g - a scroll of butterflies {unknown}
 i - 2 scrolls of poison {unknown}
 o - 2 scrolls of fear
 t - 4 scrolls of enchant armour
 u - a scroll of amnesia {unknown}
 v - a scroll of fog {unknown}
 y - 2 scrolls of revelation {unknown}
 B - a scroll of silence {unknown}
 D - a scroll of enchant weapon {unknown}
 F - a scroll of vulnerability {unknown}
 J - a scroll of identify
 N - a scroll of torment {unknown}
Potions
 b - a potion of magic
 c - 7 potions of curing
 k - a potion of lignification
 l - 3 potions of haste
 m - 2 potions of might
 n - 2 potions of enlightenment {unknown}
 p - a potion of brilliance {unknown}
 A - a potion of mutation {unknown}
 H - a potion of invisibility
 L - a potion of attraction {unknown}


   Skills:
 - Level 1.7 Dodging
 - Level 1.7 Stealth
 + Level 9.3 Spellcasting
 + Level 5.7 Conjurations
 + Level 9.7 Earth Magic


You had 12 spell levels left.
You knew the following spells:

 Your Spells              Type           Power      Damage    Failure   Level
a - Sandblast             Erth           100%       2d20      1%          1
b - Stone Arrow           Conj/Erth      100%       3d13      1%          3
c - Passwall              Erth           63%        N/A       1%          3
d - Brom's Barrelling Bo  Conj/Erth      55%        2d7       1%          4
e - Petrify               Alch/Erth      41%        N/A       5%          4

Your spell library contained the following spells:

 Spells                   Type           Power      Damage    Failure   Level
 Magic Dart               Conj           100%       1d8       1%          1
 Sting                    Conj/Alch      100%       1d9       1%          1
 Searing Ray              Conj           92%        2d7       1%          2
 Apportation              Tloc           26%        N/A       4%          1
 Necrotise                Necr           52%        1d6       4%          1
 Summon Small Mammal      Summ           52%        N/A       4%          1
 Mephitic Cloud           Conj/Alch/Air  24%        N/A       5%          3
 Blink                    Tloc           26%        N/A       6%          2
 Call Imp                 Summ           26%        N/A       6%          2
 Cigotuvi's Dreadful Rot  Necr/Alch/Air  26%        N/A       6%          2
 Mercury Vapours          Alch/Air       26%        N/A       6%          2
 Call Canine Familiar     Summ           13%        N/A       12%         3
 Ozocubu's Armour         Ice            20%        N/A       12%         3
 Sigil of Binding         Hex            13%        N/A       12%         3
 Fulminant Prism          Conj/Alch      15%        3d10      12%         4
 Dimensional Bullseye     Hex/Tloc       6%         N/A       36%         4
 Ignite Poison            Fire/Alch      13%        N/A       36%         4
 Freezing Cloud           Conj/Ice/Air   18%        6-21      45%         5
 Metabolic Englaciation   Hex/Ice        10%        N/A       73%         5
 Sculpt Simulacrum        Ice/Alch       10%        N/A       99%         6


Dungeon Overview and Level Annotations

Branches:
Dungeon (8/15)             Temple (0/1) D:7            Lair (0/5) D:8

Annotations:
D:2 1 runed translucent door, Crazy Yiuf
D:5 1 runed translucent door, Zeia's ghost, weakling HuDe
D:8 Amaemon


Innate Abilities, Weirdness & Mutations

You are a tree.
Your roots penetrate the ground, keeping you stationary.
You cannot be teleported.
You are immune to unholy pain and torment.
Your maximum health is greatly increased.
Your equipment is partially melded.
You have an increased reservoir of magic. (+10% MP)
You shall have no god before yourself.
Your divine heritage dramatically boosts your attributes as you level up.


Message History

Unknown command.
You feel better.
The scorpion stings you but does no damage.
Amaemon mumbles some strange words.
The scorpion stings you but does no damage.
Aiming: Stone Arrow (safe; 1% risk of failure)
Press: ? - help, Q - select action, (/) - cycle Shift-Dir - straight line, f - Amaemon
Aim: Amaemon, wielding a +1 demon whip of venom (heavily wounded, 72% to hit)
The stone arrow hits Amaemon!
Amaemon is severely wounded.
The scorpion stings you but does no damage.
Amaemon hits you with a +1 demon whip of venom.
* * * LOW HITPOINT WARNING * * *
Amaemon claws you but does no damage. Amaemon tail-slaps you.
* * * LOW HITPOINT WARNING * * *
The scorpion stings you but does no damage.
The scorpion stings you.
* * * LOW HITPOINT WARNING * * *
Amaemon hits you but does no damage.
You are poisoned.
Amaemon claws you but does no damage.
Amaemon tail-slaps you but does no damage.
You feel better.
The scorpion stings you but does no damage.
The scorpion barely misses you.
The scorpion stings you but does no damage. x3
Amaemon casts a spell at the scorpion.
The scorpion's venom grows more potent.
The scorpion stings you but does no damage.
Unknown command.
You fade into invisibility!
The scorpion barely misses you.
The scorpion stings you but does no damage.
Amaemon hits you with a +1 demon whip of venom!
* * * LOW HITPOINT WARNING * * *
Amaemon claws you but does no damage. Amaemon tail-slaps you.
* * * LOW HITPOINT WARNING * * *
The scorpion stings you but does no damage. x3
Amaemon hits you with a +1 demon whip of venom!
You die...

#####..'.......
....
##.....♣##......
.... ##......♣
###.#.. .....
#......♣♣
#....)# ♣....
#.....♣♣ #.##)..
♣.... #....♣♣ #.
#>#. ♣...##...♣♣
# #... ♣..s...♣♣
...# ♣♣♣s♣♣♣♣
#.#.# #s6# #. ..
#..# ## .# #...
####


You could see Amaemon (unable to see you) and 3 scorpions.

Vanquished Creatures
  An ugly thing (D:8)
  A cyclops (D:8)
  An elephant (D:8)
  An orange demon (D:8)
  Maggie (D:8)
  Psyche (D:8)
  Sigmund (D:2)
  Eustachio (D:6)
  A yak (D:8)
  Grum (D:8)
  A steam dragon (D:8)
  2 vampire mosquitoes (D:7)
  2 water moccasins
  An ice beast (D:6)
  3 black bears
  2 orc warriors (D:8)
  4 wolves (D:8)
  2 phantoms
  Blork the orc (D:4)
  4 bullfrogs
  2 scorpions
  A wight (D:6)
  5 killer bees (D:7)
  4 howler monkeys
  A bombardier beetle (D:4)
  A gnoll bouda (D:8)
  3 hounds
  3 jellies (D:4)
  4 orc priests
  3 sleepcaps
  4 iguanas
  7 orc wizards
  Natasha (thrice) (D:2)
  5 gnolls (D:8)
  10 adders
  A shadow imp (D:8)
  2 white imps
  4 dart slugs
  18 orcs
  6 bats
  11 endoplasms
  8 giant cockroaches
  9 goblins
  6 hobgoblins
  3 jackals (D:1)
  8 kobolds
  2 quokkas
  2 ball pythons
  3 frilled lizards
  5 rats
176 creatures vanquished.

Vanquished Creatures (collateral kills)
  A boulder (D:2)
1 creature vanquished.

Vanquished Creatures (others)
  A boulder (D:2)
1 creature vanquished.

Grand Total: 178 creatures vanquished

Notes
Turn   | Place    | Note
-------+----------+-------------------------------------------
     0 | D:1      | olmar the Demigod Earth Elementalist began the quest for
                  | the Orb.
     0 | D:1      | Reached XP level 1. HP: 14/14 MP: 5/5
    90 | D:1      | Reached XP level 2. HP: 19/20 MP: 1/7
   940 | D:2      | Reached XP level 3. HP: 26/26 MP: 7/9
   961 | D:2      | Learned a level 3 spell: Stone Arrow
  1000 | D:2      | Found a runed translucent door.
  1001 | D:2      | Noticed Crazy Yiuf
  1013 | D:2      | Noticed Natasha
  1018 | D:2      | Killed Natasha
  1026 | D:2      | Noticed Natasha
  1034 | D:2      | Killed Natasha
  1035 | D:2      | Reached XP level 4. HP: 25/33 MP: 5/11
  1036 | D:2      | Noticed Natasha
  1044 | D:2      | Killed Natasha
  1330 | D:2      | Learned a level 3 spell: Passwall
  1531 | D:2      | Noticed Sigmund
  2252 | D:4      | Reached XP level 5. HP: 37/38 MP: 9/13
  2408 | D:4      | Reached XP level 6. HP: 45/45 MP: 10/15
  2413 | D:4      | Reached skill level 5 in Earth Magic
  2496 | D:4      | Learned a level 4 spell: Brom's Barrelling Boulder
  2552 | D:4      | Noticed Blork the orc
  2556 | D:4      | Killed Blork the orc
  2802 | D:4      | Reached skill level 5 in Spellcasting
  2802 | D:4      | Reached XP level 7. HP: 45/50 MP: 12/17
  3040 | D:5      | Entered Level 5 of the Dungeon
  3166 | D:2      | Killed Sigmund
  3167 | D:2      | Reached skill level 1 in Conjurations
  3414 | D:2      | Learned a level 4 spell: Petrify
  4016 | D:5      | Found a runed translucent door.
  4019 | D:5      | Noticed Zeia's ghost (weakling HuDe)
  4596 | D:6      | Reached XP level 8. HP: 53/57 MP: 7/21
  5441 | D:6      | Noticed Eustachio
  5446 | D:6      | Killed Eustachio
  6792 | D:7      | Found a staircase to the Ecumenical Temple.
  6922 | D:7      | Reached XP level 9. HP: 39/62 MP: 12/24
  7612 | D:8      | Noticed a white ugly thing
  7617 | D:8      | Killed a white ugly thing
  7805 | D:8      | Found a staircase to the Lair.
  7808 | D:8      | Noticed an elephant
  7823 | D:8      | Killed an elephant
  8414 | D:8      | Noticed Maggie
  8422 | D:8      | Killed Maggie
  8564 | D:8      | Noticed Psyche
  8572 | D:8      | Killed Psyche
  8805 | D:8      | Noticed Grum
  8807 | D:8      | Reached skill level 5 in Conjurations
  8807 | D:8      | Reached XP level 10. HP: 69/69 MP: 20/27
  8812 | D:8      | Killed Grum
  9326 | D:8      | Noticed a cyclops
  9330 | D:8      | Killed a cyclops
  9478 | D:8      | Noticed Amaemon
  9489 | D:8      | HP: 3/103 [Amaemon/+1 demon whip of venom (13)]
  9489 | D:8      | Mangled by Amaemon

Illustrated notes

Levels and vault maps discovered:
D:1:      eino_arrival_druids_welcome, layout_basic
D:2:      layout_rooms, hellmonk_ecumenical_altar_leap_of_faith,
          minmay_joined_circles, uniq_natasha, uniq_sigmund,
          uniq_crazy_yiuf_cottage
D:3:      layout_basic, mainiacjoe_overflow_alcove_1,
          mainiacjoe_overflow_alcove_4, nicolae_uskayaw_suspiria
D:4:      layout_basic, serial_bayou_lagoon_a, uniq_blork_the_orc
D:5:      layout_loops_corners, gammafunk_ghost_grave
D:6:      layout_layer_cave, lemuel_tele_altar, minmay_manual_mess,
          uniq_eustachio
D:7:      layout_loops_ring, temple_green, grunt_ministairs_13
D:8:      layout_loops_ring, mainiacjoe_overflow_chevrons, david_lair_generic,
          serial_shops, nicolae_square_shop, kennysheep_cross_room,
          nicolae_figureground_pulse, uniq_maggie, uniq_psyche, uniq_amaemon,
          uniq_grum

Skill      XL: |  1  2  3  4  5  6  7  8  9 10 |
---------------+-------------------------------+-----
Spellcasting   | 2 3 4 5 6 7 8 9 |  9.3
Earth Magic    | 3 4 5 6 7 9 |  9.7
Conjurations   | 1 3 5 |  5.7
Dodging        | |  1.7
Stealth        | |  1.7

Action                     |  1- 3 |  4- 6 |  7- 9 | 10-12 || total
---------------------------+-------+-------+-------+-------++-------
  Melee: Dagger            |    11 |     3 |       |       ||    14
         Staff             |       |       |    18 |       ||    18
   Cast: Sandblast         |    42 |    87 |    35 |       ||   164
         Stone Arrow       |       |     3 |   118 |    32 ||   153
         Brom's Barrelling |       |       |     2 |       ||     2
    Use: Scroll            |       |     2 |     4 |     4 ||    10
         Potion            |       |       |     1 |     4 ||     5
 Armour: Robe              |    17 |    22 |    77 |     6 ||   122
         Skin              |       |       |       |    51 ||    51
  Dodge: Dodged            |    11 |    28 |    51 |     5 ||    95
